 Dungeon Crawl Stone Soup version 0.32-a0-913-g739538afd8 (webtiles) character file.

Game seed: 14582771493571025778

15 Goblin1989 the Sneak (level 2, -8/24 HPs)
             Began as a Demonspawn Delver on Apr 7, 2024.
             Mangled by a gnoll
             ... wielding a +0 flail
              (11 damage)
             ... on level 1 of the Dungeon.
             The game lasted 00:02:17 (327 turns).

Goblin1989 the Sneak (Demonspawn Delver)             Turns: 327, Time: 00:02:17

Health: -8/24      AC:  3    Str: 12    XL:     2   Next: 34%
Magic:  2/2        EV:  8    Int: 10    God:
Gold:   88         SH:  7    Dex: 14    Spells: 1/1 levels left

rFire   . . .        a - +0 mace
rCold   . . .        j - +0 kite shield
rNeg    . . .        b - +0 leather armour
rPois   .            (no helmet)
rElec   .            (no cloak)
rCorr   .            (no gloves)
SInv    .            (no boots)
Will    .....        (no amulet)
Stlth   ++           (no ring)
HPRegen 0.24/turn    (no ring)
MPRegen 0.08/turn

%: no passive effects
@: no status effects
A: powered by death 1
a: no special abilities


You were on level 1 of the Dungeon.
You visited 1 branch of the dungeon, and saw 5 of its levels.

You collected 88 gold pieces.

Inventory:

Hand Weapons
 a - a +0 mace (weapon)
Armour
 b - a +0 leather armour (worn)
 j - a +0 kite shield (worn)
 l - a +0 chain mail
Wands
 g - a wand of digging (3) {@v3}
Scrolls
 c - a scroll of fog
 d - a scroll of revelation
 e - a scroll of fear
 h - a scroll of poison {unknown}
 k - 3 scrolls of identify {unknown}
Potions
 f - a potion of haste {@q3,}
 i - a potion of mutation {unknown}


   Skills:
 + Level 3.0 Fighting
 * Level 2.7 Maces & Flails
 + Level 0.0 Armour
 - Level 1.7 Dodging
 - Level 4.5 Stealth
 + Level 0.0 Shields


You had one spell level left.
You didn't know any spells.
Your spell library contained the following spells:

 Spells                   Type           Power      Damage    Failure   Level
 Lesser Beckoning         Tloc           0%         N/A       98%         2
 Maxwell's Portable Pile  Tloc           0%         2d(5-13)  100%        3
 Teleport Other           Tloc           0%         N/A       100%        3


Dungeon Overview and Level Annotations

Branches:
Dungeon (5/15) Zot: 26829
 Temple: D:4-7

Altars:

Shops:
D:5 :


Innate Abilities, Weirdness & Mutations

You regenerate a little health from kills.


Message History

You see here a +0 kite shield.
j - a +0 kite shield You start putting on your armour.
You continue putting on your +0 kite shield.
HP restored.
You continue putting on your +0 kite shield. x3
You finish putting on your +0 kite shield.
Health restored: 24 You now have 49 gold pieces (gained 17).
You now have 61 gold pieces (gained 12).
Found a staircase leading out of the dungeon.
Found 5 stones.
You see here 5 stones.
Found a beast talisman.
A rat comes into view.
Found a book of Displacement. 2 bats come into view.
Found 17 gold pieces.
Found a chain mail.
The rat squeaks loudly.
The rat barely misses you.
A frilled lizard comes into view.
You closely miss the rat. The bat hits you but does no damage.
You block the bat's attack. The bat barely misses you.
The bat closely misses you. The rat bites you. x2
You closely miss the bat. The bat hits you but does no damage.
The rat bites you but does no damage. You block the bat's attack.
You barely miss the bat. You block the bat's attack.
The bat barely misses you. x2
You block the bat's attack. The rat bites you. The bat closely misses you.
The rat bites you but does no damage.
You take 4 damage, and have 20/24 hp.
You hit the bat.
You kill the bat!
The bat closely misses you. You block the rat's attack.
You regained 2 hp, and now have 22/24 hp.
You hit the rat but do no damage. The bat barely misses you.
The frilled lizard barely misses you. The rat bites you.
You block the frilled lizard's attack. You block the rat's attack.
You barely miss the rat. The bat completely misses you.
The frilled lizard bites you but does no damage.
The rat misses you.
You take 2 damage, and have 20/24 hp.
You closely miss the bat. You block the bat's attack.
The frilled lizard barely misses you. The rat bites you but does no damage.
The frilled lizard bites you but does no damage.
You block the rat's attack.
You hit the rat.
You kill the rat!
The bat hits you but does no damage. x2
The frilled lizard bites you but does no damage.
You block the bat's attack.
You regained 2 hp, and now have 22/24 hp.
You thump the bat!
You kill the bat!
The frilled lizard barely misses you. You block the frilled lizard's attack.
Health restored: 24 You hit the frilled lizard.
You kill the frilled lizard!
No target in view!
No target in view!
No target in view!
No target in view!
No target in view!
No target in view!
No target in view!
No target in view!
No target in view!
No target in view!
No target in view!
No target in view!
No target in view!
No target in view!
No target in view!
No target in view!
No target in view!
No target in view!
You pick up a book of Displacement and begin reading...
You add the spells Lesser Beckoning, Teleport Other and Maxwell's Portable Piledriver to your library.
You now have 78 gold pieces (gained 17).
You now have 88 gold pieces (gained 10).
k - 3 scrolls labelled MIUFFY QIENYNK You see here a +0 chain mail.
l - a +0 chain mail A gnoll and a rat come into view.
You see here 13 gold pieces.
You hit the gnoll.
The gnoll is moderately wounded.
The gnoll hits you with a +0 flail!
Ouch! That really hurt!
The gnoll barely misses you.
You take 13 damage, and have 11/24 hp.
MASSIVE DAMAGE!!
You barely miss the gnoll.
The gnoll is moderately wounded.
The gnoll closely misses you.
You hit the gnoll but do no damage.
The gnoll is moderately wounded.
The gnoll hits you with a +0 flail!
* * * LOW HITPOINT WARNING * * *
The gnoll hits you with a +0 flail!
You die... █.......................... █.█ ██.█.....................█. █..█ ████.█...............█.██ ████

████.............████
██.█.......█.████
████.....████..█
██...████$..████
██.████.........
█.@g...██......


████████ ...... ..... ..... ...r ████ You could see a gnoll.

Vanquished Creatures
  A dart slug (D:3)
  An orc (D:3)
  2 hobgoblins
  A quokka (D:1)
  A ball python (D:1)
  3 bats
  A frilled lizard (D:1)
  2 kobolds
  A rat (D:1)
13 creatures vanquished.

Notes
Turn   | Place    | Note
-------+----------+-------------------------------------------
     0 | D:5      | Goblin1989 the Demonspawn Delver began the quest for the
                  | Orb.
     0 | D:5      | Reached XP level 1. HP: 18/18 MP: 1/1
     8 | D:5      | Found Eczyacyf's Self-Improvement Boutique.
    34 | D:5      | Noticed a hound
   155 | D:2      | Gained mutation: You regenerate a little health from kills.
                  | [demonic ancestry]
   155 | D:2      | Reached XP level 2. HP: 19/24 MP: 2/2
   327 | D:1      | Mangled by a gnoll

Illustrated notes

Levels and vault maps discovered:
D:1:      ncdulo_watergridlock, layout_basic, nicolae_figureground_pulse
D:2:      layout_rooms, hellmonk_ecumenical_altar_inner_sanctum, nrook_campfire,
          minivault_24, minmay_snake_closets
D:3:      layout_rooms, nicolae_dithmenos_shadow_blocks,
          nicolae_vehumet_altar_sigil
D:4:      layout_basic, uniq_duvessa
D:5:      layout_basic, mainiacjoe_overflow_alcove_1, nicolae_shop_self_help,
          uniq_grinder

Skill      XL: |  1 |
---------------+----+-----
Maces & Flails | 2 |  2.7
Fighting       | |  3.0
Dodging        | |  1.7
Stealth        | |  4.5

Action                     || total
---------------------------++-------
  Melee: Mace              ||    40
 Armour: Leather armour    ||    36
  Dodge: Dodged            ||    32
  Block: Kite shield       ||    11

Table legend: (Time is in decaauts)
 A = Elapsed time spent in this place.
 B = Non-inter-level travel time spent in this place.
 C = Inter-level travel time spent in this place.
 D = Time resting spent in this place.
 E = Time spent auto-exploring this place.
 F = Levels seen in this place.
 G = Mean time per level.
                   A        B        C        D        E       F      G
               +--------+--------+--------+--------+--------+-----+--------+
         Total |    339 |    339 |      0 |     48 |    102 |   5 |   67.8 |
       Dungeon |    339 |    339 |      0 |     48 |    102 |   5 |   67.8 |
               +--------+--------+--------+--------+--------+-----+--------+

Top non-repeatable levels by time:
     D:1: 169 daAuts
     D:3: 105 daAuts
     D:5: 42 daAuts
     D:2: 17 daAuts
     D:4: 5 daAuts
